ITL
UTICA UNICORNS @ DETROIT X-WINGS
08/28/2030
 
TOP OF THE 1ST
Utica Unicorns batting - Pitching for Detroit X-Wings : RHP Jorge Madrigal
Pitching: RHP Jorge Madrigal
Batting: RHB John Jones 0-0: Called Strike
0-1: Ground out 6-3 (Groundball, 6)
Batting: RHB Justin Geoghegan 0-0: Ball
1-0: Ball
2-0: Swinging Strike
2-1: Foul Ball, location: 2F
2-2: Strikes out swinging
Batting: LHB Stan Hickman 0-0: Foul Ball, location: 2F
0-1: Foul Ball, location: 2F
0-2: Ball
1-2: Ball
2-2: Ground out 6-3 (Groundball, 6D)
Top of the 1st over - 0 runs, 0 hits, 0 errors, 0 left on base; Utica 0 - Detroit 0
BOTTOM OF THE 1ST
Detroit X-Wings batting - Pitching for Utica Unicorns : RHP Errol Murphy
Pitching: RHP Errol Murphy
Batting: RHB Earl Godwin 0-0: Ball
1-0: Called Strike
1-1: Ball
2-1: Called Strike
2-2: Strikes out swinging
Batting: LHB Juan Jose Pineda 0-0: Foul Ball, location: 2F
0-1: Ball
1-1: Ball
2-1: Foul Ball, location: 2F
2-2: Ball
3-2: SINGLE (Line Drive, 4D)
Batting: RHB Augusto Padilla 0-0: Ball
1-0: Swinging Strike
1-1: SINGLE (Flyball, 6MD)
Juan Jose Pineda to second
Batting: LHB Curt Walker 0-0: Called Strike
0-1: Called Strike
0-2: Ball
1-2: Ball
2-2: Strikes out swinging
Batting: SHB Javier Jiménez 0-0: Foul Ball, location: 2F
0-1: Swinging Strike
0-2: Ball
1-2: Foul Ball, location: 2F
1-2: Ball
2-2: Foul Ball, location: 2F
2-2: Ball
3-2: Foul Ball, location: 2F
3-2: Base on Balls
Juan Jose Pineda to third
Augusto Padilla to second
Batting: SHB Brian Price 0-0: Called Strike
0-1: Fly out, F9 (Flyball, 9S)
Bottom of the 1st over - 0 runs, 2 hits, 0 errors, 3 left on base; Utica 0 - Detroit 0
TOP OF THE 2ND
Utica Unicorns batting - Pitching for Detroit X-Wings : RHP Jorge Madrigal
Batting: LHB Pablo Reyes 0-0: Ball
1-0: Ball
2-0: Swinging Strike
2-1: Swinging Strike
2-2: Foul Ball, location: 2F
2-2: Strikes out swinging
Batting: RHB Kenny Cole 0-0: Called Strike
0-1: Ball
1-1: Called Strike
1-2: Ground out U3 (Groundball, 3L)
Batting: RHB José Velázquez 0-0: Ball
1-0: Ball
2-0: Called Strike
2-1: Ball
3-1: SOLO HOME RUN (Flyball, 7LD), Distance : 367 ft
Batting: RHB Pablo Díaz 0-0: Called Strike
0-1: Ball
1-1: Foul Ball, location: 2F
1-2: Ball
2-2: Ball
3-2: Base on Balls
Batting: RHB Juan Caceres 0-0: Ball
1-0: Called Strike
1-1: Ball
2-1: Ball
3-1: Base on Balls
Pablo Díaz to second
Batting: RHB John Little 0-0: Ball
1-0: Called Strike
1-1: Called Strike
1-2: Ball
2-2: Strikes out looking
Top of the 2nd over - 1 run, 1 hit, 0 errors, 2 left on base; Utica 1 - Detroit 0
BOTTOM OF THE 2ND
Detroit X-Wings batting - Pitching for Utica Unicorns : RHP Errol Murphy
Batting: RHB José Pérez 0-0: Swinging Strike
0-1: Ball
1-1: Called Strike
1-2: Ball
2-2: Fly out, F8 (Line Drive, 8RD)
Batting: RHB Brad Ravenshaw 0-0: Ball
1-0: Foul Ball, location: 2F
1-1: Ball
2-1: Ball
3-1: Base on Balls
Batting: RHB Daniel Riddle 0-0: Foul Ball, location: 2F
0-1: Swinging Strike
0-2: Ball
1-2: Strikes out swinging
Batting: RHB Earl Godwin 0-0: Ball
1-0: Called Strike
1-1: Foul Ball, location: 2F
1-2: Ground out 5-3 (Groundball, 56)
Bottom of the 2nd over - 0 runs, 0 hits, 0 errors, 1 left on base; Utica 1 - Detroit 0
TOP OF THE 3RD
Utica Unicorns batting - Pitching for Detroit X-Wings : RHP Jorge Madrigal
Batting: RHB John Jones 0-0: Swinging Strike
0-1: Ball
1-1: Ball
2-1: Foul Ball, location: 2F
2-2: Strikes out swinging
Batting: RHB Justin Geoghegan 0-0: Ball
1-0: Ball
2-0: Ball
3-0: Called Strike
3-1: Base on Balls
Batting: LHB Stan Hickman 0-0: Ball
1-0: Swinging Strike
1-1: Foul Ball, location: 2F
1-2: Foul Ball, location: 2F
1-2: Foul Ball, location: 2F
1-2: Foul Ball, location: 2F
1-2: Foul Ball, location: 2F
1-2: Ball
2-2: Grounds into double play, 5-4-3 (Groundball, 56)
Top of the 3rd over - 0 runs, 0 hits, 0 errors, 0 left on base; Utica 1 - Detroit 0
BOTTOM OF THE 3RD
Detroit X-Wings batting - Pitching for Utica Unicorns : RHP Errol Murphy
Batting: LHB Juan Jose Pineda 0-0: Ball
1-0: Called Strike
1-1: Ball
2-1: Foul Ball, location: 2F
2-2: Strikes out swinging
Batting: RHB Augusto Padilla 0-0: Swinging Strike
0-1: Ball
1-1: Fly out, F2 (Popup, 3SF)
Batting: LHB Curt Walker 0-0: Ball
1-0: Called Strike
1-1: Ball
2-1: Ball
3-1: Base on Balls
Batting: SHB Javier Jiménez 0-0: Called Strike
0-1: Ball
1-1: Ball
Curt Walker is caught stealing 2nd base
Bottom of the 3rd over - 0 runs, 0 hits, 0 errors, 0 left on base; Utica 1 - Detroit 0
TOP OF THE 4TH
Utica Unicorns batting - Pitching for Detroit X-Wings : RHP Jorge Madrigal
Batting: LHB Pablo Reyes 0-0: Ball
1-0: Called Strike
1-1: SOLO HOME RUN (Flyball, 9D), Distance : 374 ft
Batting: RHB Kenny Cole 0-0: Ball
1-0: Ball
2-0: Called Strike
2-1: Ball
3-1: Foul Ball, location: 2F
3-2: Ground out 4-3 (Groundball, 4)
Batting: RHB José Velázquez 0-0: Ball
1-0: Ground out 4-3 (Groundball, 4)
Batting: RHB Pablo Díaz 0-0: Ball
1-0: Called Strike
1-1: Ball
2-1: SINGLE (Groundball, 6D)
Batting: RHB Juan Caceres 0-0: Fly out, F6 (Line Drive, 6M)
Top of the 4th over - 1 run, 2 hits, 0 errors, 1 left on base; Utica 2 - Detroit 0
BOTTOM OF THE 4TH
Detroit X-Wings batting - Pitching for Utica Unicorns : RHP Errol Murphy
Batting: SHB Javier Jiménez 0-0: Ball
1-0: Ball
2-0: Ball
3-0: Base on Balls
Batting: SHB Brian Price 0-0: Called Strike
0-1: Foul Ball, location: 2F
0-2: Ball
1-2: Ground out 5-3 (Groundball, 56S)
Javier Jiménez to second
Batting: RHB José Pérez 0-0: Ball
1-0: Ball
2-0: Ball
3-0: Called Strike
3-1: Base on Balls
Batting: RHB Brad Ravenshaw 0-0: Called Strike
0-1: Fly out, F8 (Flyball, 8RS)
Batting: RHB Daniel Riddle 0-0: Called Strike
0-1: Foul Ball, location: 2F
0-2: Ball
1-2: Foul Ball, location: 2F
1-2: Strikes out swinging
Bottom of the 4th over - 0 runs, 0 hits, 0 errors, 2 left on base; Utica 2 - Detroit 0
TOP OF THE 5TH
Utica Unicorns batting - Pitching for Detroit X-Wings : RHP Jorge Madrigal
Batting: RHB John Little 0-0: Swinging Strike
0-1: Ball
1-1: Swinging Strike
1-2: Strikes out swinging
Batting: RHB John Jones 0-0: Ball
1-0: Ground out 4-3 (Groundball, 4)
Batting: RHB Justin Geoghegan 0-0: Foul Ball, location: 2F
0-1: Foul Ball, location: 2F
0-2: Foul Ball, location: 2F
0-2: Ball
1-2: Ball
2-2: Ball
3-2: Base on Balls
Batting: LHB Stan Hickman 0-0: Ball
1-0: Ball
2-0: Ball
3-0: Base on Balls
Justin Geoghegan to second
Batting: LHB Pablo Reyes 0-0: Ball
1-0: Ball
2-0: Fly out, F7 (Flyball, 7S)
Top of the 5th over - 0 runs, 0 hits, 0 errors, 2 left on base; Utica 2 - Detroit 0
BOTTOM OF THE 5TH
Detroit X-Wings batting - Pitching for Utica Unicorns : RHP Errol Murphy
Batting: RHB Earl Godwin 0-0: Called Strike
0-1: Foul Ball, location: 2F
0-2: Ball
1-2: Ball
2-2: Ball
3-2: Ground out U3 (Groundball, 34)
Batting: LHB Juan Jose Pineda 0-0: Foul Ball, location: 2F
0-1: Called Strike
0-2: Ball
1-2: Fly out, F8 (Line Drive, 8LM)
Batting: RHB Augusto Padilla 0-0: SINGLE (Groundball, 6D)
Batting: LHB Curt Walker 0-0: Ball
1-0: Foul Ball, location: 2F
1-1: Hit by Pitch
Augusto Padilla to second
Batting: SHB Javier Jiménez 0-0: Called Strike
0-1: Called Strike
0-2: Foul Ball, location: 2F
0-2: Strikes out swinging
Bottom of the 5th over - 0 runs, 1 hit, 0 errors, 2 left on base; Utica 2 - Detroit 0
TOP OF THE 6TH
Utica Unicorns batting - Pitching for Detroit X-Wings : RHP Jorge Madrigal
Batting: RHB Kenny Cole 0-0: Swinging Strike
0-1: Called Strike
0-2: Strikes out swinging
Batting: RHB José Velázquez 0-0: SINGLE (Groundball, 6MD)
Batting: RHB Pablo Díaz 0-0: Called Strike
0-1: DOUBLE (Line Drive, 7LS)
José Velázquez to third
Batting: RHB Juan Caceres 0-0: Fly out, F8 (Flyball, 8RD)
Runner from 3rd tags up, SCORES, throw made
Batting: RHB John Little 0-0: Called Strike
0-1: Swinging Strike
0-2: Ball
1-2: Ground out 4-3 (Groundball, 4)
Top of the 6th over - 1 run, 2 hits, 0 errors, 1 left on base; Utica 3 - Detroit 0
BOTTOM OF THE 6TH
Detroit X-Wings batting - Pitching for Utica Unicorns : RHP Errol Murphy
Batting: SHB Brian Price 0-0: SOLO HOME RUN (Line Drive, 9LD), Distance : 356 ft
Batting: RHB José Pérez 0-0: Ground out 1-3 (Groundball, 15S)
Batting: RHB Brad Ravenshaw 0-0: Ball
1-0: Fly out, F5 (Line Drive, 56D)
Batting: RHB Daniel Riddle 0-0: Foul Ball, location: 2F
0-1: Ball
1-1: Foul Ball, location: 2F
1-2: Ball
2-2: Strikes out swinging
Bottom of the 6th over - 1 run, 1 hit, 0 errors, 0 left on base; Utica 3 - Detroit 1
TOP OF THE 7TH
Utica Unicorns batting - Pitching for Detroit X-Wings : RHP Jorge Madrigal
Pitching: RHP Travis Whitney
Batting: RHB John Jones 0-0: Ball
1-0: Foul Ball, location: 2F
1-1: SINGLE (Groundball, 34S) (infield hit)
Batting: RHB Justin Geoghegan 0-0: Ball
John Jones is caught stealing 2nd base
1-0: Ball
2-0: Ball
3-0: Called Strike
3-1: Fly out, F6 (Popup, 56D)
Batting: LHB Stan Hickman 0-0: Called Strike
0-1: Called Strike
0-2: Strikes out swinging
Top of the 7th over - 0 runs, 1 hit, 0 errors, 0 left on base; Utica 3 - Detroit 1
BOTTOM OF THE 7TH
Detroit X-Wings batting - Pitching for Utica Unicorns : RHP Errol Murphy
Pitching: LHP Pancho Guerrero
Batting: RHB Earl Godwin 0-0: Foul Ball, location: 2F
0-1: Ball
1-1: Foul Ball, location: 2F
1-2: Foul Ball, location: 2F
1-2: Strikes out swinging
Batting: LHB Juan Jose Pineda 0-0: Ball
1-0: Called Strike
1-1: Swinging Strike
1-2: Ball
2-2: Ball
3-2: Base on Balls
Batting: RHB Augusto Padilla 0-0: Swinging Strike
0-1: Ball
1-1: Ball
2-1: Fly out, F9 (Flyball, 9LS)
Batting: LHB Curt Walker 0-0: Called Strike
0-1: Ball
1-1: Called Strike
1-2: SINGLE (Flyball, 9LS)
Juan Jose Pineda to second
Runner from 2nd tries for 3rd, SAFE, no throw
Batting: SHB Javier Jiménez 0-0: Foul Ball, location: 2F
0-1: Ball
1-1: Ball
2-1: Ball
3-1: Base on Balls
Curt Walker to second
Batting: SHB Brian Price 0-0: Ball
1-0: Foul Ball, location: 2F
1-1: SINGLE (Groundball, 34S) (infield hit)
Juan Jose Pineda scores
Curt Walker to third
Javier Jiménez to second
Batting: RHB José Pérez 0-0: Ball
1-0: Called Strike
1-1: Ball
2-1: Ground out 4-3 (Groundball, 34)
Bottom of the 7th over - 1 run, 2 hits, 0 errors, 3 left on base; Utica 3 - Detroit 2
TOP OF THE 8TH
Utica Unicorns batting - Pitching for Detroit X-Wings : RHP Travis Whitney
Batting: LHB Pablo Reyes 0-0: Ball
1-0: Fly out, F6 (Popup, 6M)
Batting: RHB Kenny Cole 0-0: Called Strike
0-1: Ball
1-1: Ball
2-1: Ball
3-1: Fly out, F9 (Flyball, 9LS)
Batting: RHB José Velázquez 0-0: Foul Ball, location: 2F
0-1: Foul Ball, location: 2F
0-2: Strikes out swinging
Top of the 8th over - 0 runs, 0 hits, 0 errors, 0 left on base; Utica 3 - Detroit 2
BOTTOM OF THE 8TH
Detroit X-Wings batting - Pitching for Utica Unicorns : LHP Pancho Guerrero
Batting: RHB Brad Ravenshaw 0-0: Ball
1-0: Ball
2-0: Ball
3-0: Called Strike
3-1: Called Strike
3-2: Base on Balls
Batting: RHB Daniel Riddle 0-0: Called Strike
0-1: Swinging Strike
0-2: Ball
1-2: Ball
2-2: Foul Ball, location: 2F
2-2: Strikes out swinging
Batting: RHB Earl Godwin 0-0: Ball
1-0: SINGLE (Groundball, 4MD)
Brad Ravenshaw to second
Batting: LHB Juan Jose Pineda 0-0: Ball
1-0: Called Strike
1-1: Foul Ball, location: 2F
1-2: Strikes out swinging
Batting: RHB Augusto Padilla 0-0: Ball
1-0: Fielders Choice at 2nd, 5-4 (Groundball, 56)
Bottom of the 8th over - 0 runs, 1 hit, 0 errors, 2 left on base; Utica 3 - Detroit 2
TOP OF THE 9TH
Utica Unicorns batting - Pitching for Detroit X-Wings : RHP Travis Whitney
Pitching: RHP Raymond Gibbons
Batting: RHB Pablo Díaz 0-0: Ground out 4-3 (Groundball, 4)
Batting: RHB Juan Caceres 0-0: Ball
1-0: Foul Ball, location: 2F
1-1: Ground out 3-1 (Groundball, 34)
Batting: RHB John Little 0-0: Ball
1-0: Ground out 4-3 (Groundball, 4)
Top of the 9th over - 0 runs, 0 hits, 0 errors, 0 left on base; Utica 3 - Detroit 2
BOTTOM OF THE 9TH
Detroit X-Wings batting - Pitching for Utica Unicorns : LHP Pancho Guerrero
Pitching: RHP Tim Hill
Batting: LHB Curt Walker 0-0: Called Strike
0-1: Foul Ball, location: 2F
0-2: Hit by Pitch
Batting: SHB Javier Jiménez 0-0: Grounds into double play, 6-4-3 (Groundball, 6)
Batting: SHB Brian Price 0-0: Ground out 6-3 (Groundball, 6)
Bottom of the 9th over - 0 runs, 0 hits, 0 errors, 0 left on base; Utica 3 - Detroit 2
Saturday, April 7th, 2018 - OOTP Baseball 18.8 Build 76